 Dungeon Crawl Stone Soup version 0.22-a0-580-gd5db89c (webtiles) character file.

64 sking99 the Skirmisher (level 4, 0/48 HPs)
             Began as an Ogre Gladiator on July 2, 2018.
             Succumbed to an adder's poison
             ... on level 2 of the Dungeon.
             The game lasted 00:01:58 (845 turns).

sking99 the Skirmisher (Ogre Gladiator)              Turns: 845, Time: 00:01:58

Health: 0/48       AC:  3    Str: 18    XL:     4   Next: 12%
Magic:  4/4        EV: 10    Int: 10    God:
Gold:   43         SH:  0    Dex: 10    Spells: 3/3 levels left

rFire    . . .     SeeInvis .   a - +0 flail
rCold    . . .     Gourm    .   (no shield)
rNeg     . . .     Faith    .   b - +0 robe
rPois    .         Spirit   .   c - +0 hat
rElec    .         Reflect  .   (no cloak)
rCorr    .         Harm     .   (gloves unavailable)
MR       .....                  (boots unavailable)
Stlth    +.........             (no amulet)
HPRegen  0.16/turn              (no ring)
MPRegen  0.09/turn              (no ring)

@: lethally poisoned (0 -> -8), hasted, very quick
A: large, unfitting armour, tough skin 1
a: no special abilities


You were on level 2 of the Dungeon.
You were not hungry.

You visited 1 branch of the dungeon, and saw 2 of its levels.

You collected 43 gold pieces.

Inventory:

Hand Weapons
 a - a +0 flail (weapon)
Missiles
 d - 3 throwing nets (quivered)
Armour
 b - a +0 robe (worn)
 c - a +0 hat (worn)
Scrolls
 e - 5 scrolls of identify {unknown}
 g - a scroll of magic mapping {unknown}
 j - a scroll of fear {unknown}
 k - a scroll of amnesia {unknown}
Comestibles
 f - 2 rations
 h - 4 chunks of flesh


   Skills:
 + Level 3.9 Fighting
 * Level 3.9 Maces & Flails
 - Level 2.0 Throwing
 - Level 2.6 Dodging


You had 3 spell levels left.
You didn't know any spells.
Your spell library was empty.

Dungeon Overview and Level Annotations

Branches:
Dungeon (2/15)

Altars:


Innate Abilities, Weirdness & Mutations

You are too large for most types of armour.
You have tough skin. (AC +1)


Message History

You have reached level 4!
* * * LOW HITPOINT WARNING * * *
You feel sick. The bat barely misses you. The bat hits you.
* * * LOW HITPOINT WARNING * * *
The bat hits you.
* * * LOW HITPOINT WARNING * * *
It was a potion of haste.
You feel yourself speed up.
* * * LOW HITPOINT WARNING * * *
You feel sick. The bat closely misses you.
You feel as though your hastened speed will last longer.
* * * LOW HITPOINT WARNING * * *
You feel sick. The bat hits you but does no damage.
Found a dagger.
You see here an adder corpse.
You hit the bat.
You kill the bat!
* * * LOW HITPOINT WARNING * * *
You feel sick.
Found 9 gold pieces.
You die...

### ..# #.#
############## #.#
#.....#......#
##.#####.....#......#)..
....)........'†.@.......
.#.#####.....#......#.##
.#.# #.....#......#
...#####.....#.........
.##..........#..........
>.......................
^##..........#######..$.
.##............ ....
.##........###


There were no monsters in sight!

Vanquished Creatures
  A gnoll (D:1)
  2 adders (D:2)
  2 oozes (D:2)
  A dart slug (D:1)
  A ball python (D:1)
  3 goblins
  2 hobgoblins (D:1)
  3 kobolds (D:1)
  8 bats
  A frilled lizard (D:2)
  3 rats (D:1)
27 creatures vanquished.

Notes
Turn   | Place    | Note
-------+----------+-------------------------------------------
     0 | D:1      | sking99 the Ogre Gladiator began the quest for the Orb.
     0 | D:1      | Reached XP level 1. HP: 22/22 MP: 1/1
    79 | D:1      | Reached XP level 2. HP: 31/31 MP: 2/2
   395 | D:1      | Reached XP level 3. HP: 37/37 MP: 3/3
   839 | D:2      | Reached XP level 4. HP: 7/48 MP: 4/4
   840 | D:2      | HP: 2/48 [poisoned by an adder]
   845 | D:2      | Succumbed to an adder's poison

Vault maps used:
D:1:      minmay_arrival_doors

Skill      XL: |  1 |
---------------+----+-----
Fighting       | 3 |  3.9
Maces & Flails | 3 |  3.9
Throwing       | |  2.0
Dodging        | |  2.6

Action                   |  1- 3 |  4- 6 || total
-------------------------+-------+-------++-------
Melee: Flail             |    67 |     1 ||    68
  Use: Potion            |       |     2 ||     2
Armor: Robe              |    47 |     1 ||    48
Dodge: Dodged            |    53 |     2 ||    55

Table legend:
 A = Spawn XP
 B = Non-spawn XP
 C = Spawn XP percentage of total XP
 D = Spawn monster count
 E = Non-spawn monster count
 F = Spawn count percentage of total count
 G = Total turns spent on level
                    A         B        C        D         E        F      G
               +---------+---------+-------+---------+---------+-------+---------
         Total |       0 |      92 |   0.0 |       0 |      27 |   0.0 |   845
               +---------+---------+-------+---------+---------+-------+---------
           D:1 |       0 |      47 |   0.0 |       0 |      20 |   0.0 |   717
           D:2 |       0 |      45 |   0.0 |       0 |       7 |   0.0 |   128
               +---------+---------+-------+---------+---------+-------+---------
